 Dungeon Crawl Stone Soup version 0.25-a0-164-gb55e97d (webtiles) character file.

Game seed: 17439803610507395250, levelgen mode: deterministic

43130 silenth the Ripper (level 13, 0/65 HPs)
             Began as a Felid Berserker on Nov 22, 2019.
             Was the Champion of Trog.
             Slain by a white ugly thing (5 damage)
             ... on level 14 of the Dungeon.
             The game lasted 00:58:50 (32691 turns).

silenth the Ripper (Felid Berserker)               Turns: 32691, Time: 00:58:51

Health: 0/65       AC:  3    Str: 13    XL:     13   Next: 89%
Magic:  21/21      EV: 36    Int:  9    God:    Trog [******]
Gold:   915        SH:  0    Dex: 29    Spells: 12/12 levels left
                                        Lives:  0   Deaths: 2

rFire    . . .     SeeInvis +     - Unarmed
rCold    + . .     Gourm    .   (shield unavailable)
rNeg     . . .     Faith    +   (armour unavailable)
rPois    .         Spirit   .   (helmet unavailable)
rElec    .         Reflect  .   (cloak unavailable)
rCorr    .         Harm     .   (gloves unavailable)
MR       +....                  (boots unavailable)
Stlth    +++++++...             y - amulet of faith
HPRegen  0.20/turn              M - +6 ring of dexterity
MPRegen  0.17/turn              w - +3 ring of dexterity

@: quick
A: very small, no armour, no weapons or thrown items, stealth, claws 1, fangs 3,
see invisible, carnivore, speed 1, shaggy fur 3, slow metabolism 1, sharp paws
a: Berserk, Trog's Hand, Brothers in Arms, Renounce Religion


You were on level 14 of the Dungeon.
You worshipped Trog.
Trog was exalted by your worship.
You were completely stuffed.

You visited 4 branches of the dungeon, and saw 23 of its levels.
You also visited: Ossuary, Bailey, Ice Cave and Volcano.

You collected 2528 gold pieces.
You spent 1613 gold pieces at shops.

Inventory:

Jewellery
 l - an uncursed ring of ice
 m - an uncursed ring of flight
 w - a +3 ring of dexterity (right paw)
 y - an amulet of faith (around neck)
 A - a +5 amulet of reflection
 D - the amulet "Ligis" {Spirit rF+ rC+ Str+3}
   (You acquired it in a bailey)

   [amulet of guardian spirit]

   It causes incoming damage to be split between your health and magic.
   It affects your strength (+3).
   It protects you from fire.
   It protects you from cold.
 M - a +6 ring of dexterity (left paw)
 P - a +5 ring of strength
 Q - a +3 ring of strength
Wands
 c - a wand of digging (5)
 k - a wand of flame (40)
 s - a wand of disintegration (12)
 u - a wand of acid (8)
 v - a wand of iceblast (2)
 F - a wand of random effects (6)
 K - a wand of paralysis (28)
 L - a wand of clouds (4)
 O - a wand of polymorph (6)
Scrolls
 o - 6 scrolls of teleportation
 r - 11 scrolls of remove curse
 B - 5 scrolls of fog
 E - 3 scrolls of immolation
 G - a scroll of vulnerability
 N - a scroll of summoning
Potions
 a - 6 potions of resistance
 d - 7 potions of mutation
 f - 6 potions of degeneration {unknown}
 g - 4 potions of cancellation
 h - 10 potions of curing {unknown}
 j - 2 potions of magic
 n - 7 potions of lignification
 p - 3 potions of invisibility
 q - 6 potions of might {unknown}
 t - 5 potions of haste
 x - 5 potions of berserk rage
 z - 5 potions of heal wounds
 C - 8 potions of flight {unknown}
 H - 2 potions of agility
Miscellaneous
 b - a lamp of fire
 I - a lightning rod (4/4)
 J - a phantom mirror
Comestibles
 e - 40 rations


   Skills:
 + Level 12.4 Fighting
 + Level 15.5 Dodging
 - Level 15.0 Stealth
 * Level 18.2 Unarmed Combat
 - Level 10.0 Evocations


You had 12 spell levels left.
You didn't know any spells.
Your spell library contained the following spells:

 Spells                   Type           Power        Failure   Level  Hunger
 Infusion                 Chrm           #...         38%         1    ##.....
 Shroud of Golubria       Chrm/Tloc      #.....       52%         2    ###....
 Song of Slaying          Chrm           #.......     52%         2    ###....
 Regeneration             Chrm/Necr      #.........   77%         3    ####...
 Spectral Weapon          Hex/Chrm       Unusable     N/A         3    N/A

Dungeon Overview and Level Annotations

Branches:
Dungeon (14/15)            Temple (1/1) D:5            Lair (6/6) D:8
 Shoals (0/4) Lair:2       Spider (0/4) Lair:3        Slime (0/5) Lair:6
    Orc (2/2) D:10            Elf (0/3) Orc:2       Ossuary (visited)
 Bailey (visited)           IceCv (visited)         Volcano (visited)
 Vaults: D:13-14

Altars:
Ashenzari
Cheibriados
Dithmenos
Elyvilon
Fedhas
Gozag
Hepliaklqana
Kikubaaqudgha
Makhleb
Nemelex Xobeh
Okawaru
Qazlal
Ru
Sif Muna
Trog
Uskayaw
Vehumet
Wu Jian
Xom
Yredelemnul
Zin
The Shining One
Jiyva

Shops:
D:12 :   Orc:2 [*(:

Annotations:
D:9 1 exclusion
D:13 3 runed translucent doors, Taqoga's ghost, journeyman OpGl; Tifixept's ghost, journeyman DECj; Weficet's ghost, journeyman MiMo; Wulel's ghost, journeyman TeAE
Lair:2 3 runed translucent doors, Kamasud's ghost, journeyman FoAK; Thatotherguy's ghost, journeyman DrTm
Lair:6 1 runed translucent door
Orc:1 2 transporters, Etzon's ghost, novice DrBe


Innate Abilities, Weirdness & Mutations

You cannot wear armour.
You are incapable of wielding weapons or throwing items.
Your paws allow you to move quietly. (Stealth)
You have sharp claws.
You have razor-sharp teeth.
You have supernaturally acute eyesight. (SInv)
You are carnivorous and can eat meat at any time.
You cover ground quickly.
Your thick and shaggy fur keeps you warm. (AC +3, rC+)
You have a slow metabolism.
Your sharp claws are effective at attacking unaware monsters.


Message History

You kill the white ugly thing!
Trog accepts your kill.
No target in view!
No target in view!
You start resting.
HP restored.
You climb downwards.
The centaur warrior zombie hits you.
The white ugly thing closely misses you.
The white ugly thing tail-slaps you! The white ugly thing freezes you!
You resist. The centaur warrior zombie misses you.
The white ugly thing claws you!
* * * LOW HITPOINT WARNING * * *
The white ugly thing freezes you! You resist.
* * * LOW HITPOINT WARNING * * *
There is a stone staircase leading up here.
The centaur warrior zombie barely misses you.
The white ugly thing completely misses you.
The green ugly thing completely misses you.
The white ugly thing claws you.
You die...

................▒
......(.........▒
................▒
................▒
.....▒▒▒▒▒......▒▒▒▒▒
.▒▒▒+ ▒......?....
▒...........
▒▒...........
▒.u@u........
▒.Z.u........
▒............
▒............
.............
.......▒▒▒▒▒▒▒
........▒ ..▒▒▒▒...▒


You could see 3 ugly things and a centaur warrior zombie.

Vanquished Creatures
  Jorgrun (D:12)
  A frost giant (IceCv)
  An orc warlord (Orc:1)
  Nessos (Lair:4)
  Snorg (Orc:2)
  A fire dragon (D:12)
  Harold (D:9)
  7 hydras
  5 two-headed ogres
  An ogre mage (D:12)
  A tengu warrior (D:12)
  4 orc high priests (Orc:2)
  A death yak (Lair:6)
  15 spriggans (Lair:6)
  Nergalle (Lair:3)
  A shadow wraith (D:12)
  A hell knight (Volcano)
  A skeletal warrior (D:12)
  5 unseen horrors
  A salamander mystic (Volcano)
  6 orc knights
  An ugly thing (D:13)
  3 manticores
  A wolf spider (D:12)
  A deep elf mage (D:12)
  3 cyclopes
  4 salamanders (Volcano)
  2 black mambas
  7 elephants
  A merfolk siren (Lair:2)
  11 spiny frogs
  A torpor snail (Lair:6)
  An ice statue (IceCv)
  A gargoyle (D:12)
  4 rime drakes
  8 komodo dragons
  3 trolls
  11 polar bears
  A queen bee (D:11)
  Prince Ribbit (D:7)
  8 hornets
  7 blink frogs
  5 hippogriffs
  3 redbacks (Lair:3)
  3 wraiths
  2 wyverns
  A shadow (D:10)
  35 yaks
  A vampire (D:12)
  A hog (D:9)
  A basilisk (Lair:3)
  3 hungry ghosts
  2 hell hounds (Lair:6)
  12 water moccasins
  Duvessa (D:6)
  41 orc warriors
  11 porcupines
  6 sky beasts
  3 black bears
  An eye of draining (D:11)
  4 necrophages
  4 phantoms
  8 ogres
  29 wolves
  3 centaurs
  4 boggarts
  18 crocodiles
  3 big kobolds
  16 bullfrogs
  A wyvern zombie (D:7)
  A gnoll sergeant (D:11)
  Dowan (D:6)
  4 water moccasin zombies (Ossuary)
  2 scorpions
  25 killer bees (D:11)
  3 wights (D:7)
  3 howler monkeys
  An electric eel (Lair:3)
  2 crimson imps
  A bullfrog zombie (D:12)
  2 centaur zombies
  A quasit (D:7)
  6 hounds
  An iron imp (D:6)
  26 orc priests
  Crazy Yiuf (D:6)
  3 jellies
  3 centaur skeletons
  8 orc wizards
  A bullfrog skeleton (D:13)
  7 iguanas
  4 hell rats (Lair:2)
  A statue (D:5)
  8 worker ants
  2 big kobold zombies (Ossuary)
  2 hound zombies
  A hound skeleton (D:7)
  2 mummies (Ossuary)
  A howler monkey zombie (D:7)
  A worker ant zombie (D:7)
  3 gnolls (D:2)
  11 adders
  3 shadow imps
  2 oozes (D:1)
  3 adder zombies (Ossuary)
  An adder skeleton (D:9)
  2 worms (D:2)
  A dart slug (D:3)
  6 leopard geckos
  99 orcs
  3 bats
  2 giant cockroaches (D:5)
  A gnoll zombie (Ossuary)
  9 goblins
  5 hobgoblins
  12 jackals
  4 quokkas
  A ball python (D:1)
  3 frilled lizards
  A giant cockroach zombie (D:5)
  2 hobgoblin zombies (Ossuary)
  16 kobolds
  4 kobold zombies (Ossuary)
  4 orc zombies (Ossuary)
  2 quokka skeletons
  A quokka zombie (D:5)
  4 rats
  3 butterflies (Lair:2)
691 creatures vanquished.

Vanquished Creatures (collateral kills)
  Rupert (Lair:3)
  A death knight (D:11)
  A two-headed ogre (D:12)
  5 death yaks (Lair:6)
  An orc high priest (Orc:2)
  A tengu warrior (D:11)
  5 orc knights
  A cyclops (D:11)
  8 polar bears
  A hippogriff (Lair:6)
  A wraith (D:11)
  3 hogs (D:9)
  A human (D:9)
  5 yaks
  3 water moccasins
  A sky beast (D:11)
  10 orc warriors
  2 wolves
  A bullfrog (D:11)
  A wyvern zombie (D:12)
  A worker ant zombie (D:11)
  16 orcs
70 creatures vanquished.

Vanquished Creatures (others)
  A jackal skeleton (D:4)
  37 fungi
  20 plants
  3 withered plants (Lair:2)
61 creatures vanquished.

Grand Total: 822 creatures vanquished

Notes
Turn   | Place    | Note
-------+----------+-------------------------------------------
     0 | D:1      | silenth the Felid Berserker began the quest for the Orb.
     0 | D:1      | Reached XP level 1. HP: 10/10 MP: 2/2
    90 | D:1      | Reached skill level 1 in Stealth
    90 | D:1      | Reached XP level 2. HP: 14/14 MP: 3/3
   304 | D:1      | Reached XP level 3. HP: 17/17 MP: 4/4
   553 | D:1      | Reached ** piety under Trog
   892 | D:2      | Reached skill level 2 in Stealth
   961 | D:2      | Found a stormy altar of Qazlal.
  1232 | D:2      | Reached XP level 4. HP: 12/21 MP: 5/5
  1636 | D:2      | Found a burning altar of Makhleb.
  1675 | D:2      | Reached skill level 4 in Unarmed Combat
  2485 | D:4      | Reached skill level 5 in Dodging
  2485 | D:4      | Reached skill level 3 in Stealth
  2485 | D:4      | Reached XP level 5. HP: 25/25 MP: 6/6
  3190 | D:4      | Found a white marble altar of Elyvilon.
  3371 | D:4      | Noticed a phantom
  3404 | D:4      | Killed a phantom
  3404 | D:4      | Reached skill level 4 in Fighting
  3404 | D:4      | Gained mutation: You are covered in thick fur. (AC +2)
                  | [Felid growth]
  3404 | D:4      | Reached XP level 6. HP: 27/28 MP: 7/7
  3516 | D:5      | Entered Level 5 of the Dungeon
  3545 | D:5      | Reached skill level 4 in Stealth
  3545 | D:5      | Reached skill level 5 in Unarmed Combat
  3707 | D:5      | Reached *** piety under Trog
  3738 | D:5      | Found a staircase to the Ecumenical Temple.
  4032 | D:5      | Reached skill level 6 in Dodging
  4032 | D:5      | Reached XP level 7. HP: 33/33 MP: 8/8
  4143 | D:5      | Found a shattered altar of Ashenzari.
  4217 | Temple   | Entered the Ecumenical Temple
  4472 | D:5      | Found a radiant altar of Vehumet.
  4717 | D:5      | Reached skill level 5 in Stealth
  4774 | D:6      | Found an ornate altar of the Wu Jian Council.
  4814 | D:6      | Reached skill level 6 in Unarmed Combat
  4883 | D:6      | Reached skill level 1 in Evocations
  5122 | D:6      | Reached skill level 5 in Fighting
  5122 | D:6      | Reached XP level 8. HP: 32/36 MP: 10/10
  5163 | D:6      | Reached skill level 6 in Stealth
  5163 | D:6      | Reached skill level 2 in Evocations
  5284 | D:6      | Reached skill level 7 in Dodging
  5299 | D:6      | Found a snail-covered altar of Cheibriados.
  5362 | D:6      | Reached skill level 7 in Unarmed Combat
  5422 | D:6      | Noticed Duvessa
  5425 | D:6      | Noticed Dowan
  5437 | D:6      | Killed Duvessa
  5444 | D:6      | Killed Dowan
  5724 | D:6      | Found a runed translucent door.
  5725 | D:6      | Noticed Crazy Yiuf
  5816 | D:6      | Killed Crazy Yiuf
  5816 | D:6      | Reached skill level 3 in Evocations
  5962 | D:7      | Reached skill level 7 in Stealth
  6254 | D:7      | Reached XP level 9. HP: 31/40 MP: 12/12
  6360 | D:7      | Reached **** piety under Trog
  6420 | D:7      | Reached skill level 6 in Fighting
  6420 | D:7      | Reached skill level 8 in Unarmed Combat
  6686 | D:7      | Reached skill level 8 in Dodging
  6703 | D:7      | Reached skill level 4 in Evocations
  7105 | D:7      | Noticed Prince Ribbit
  7439 | D:7      | Killed Prince Ribbit
  7439 | D:7      | Reached skill level 8 in Stealth
  7504 | D:8      | Found an iron altar of Okawaru.
  7509 | D:8      | Found a sand-covered staircase.
  7511 | D:8      | Found a blossoming altar of Fedhas.
  7541 | Ossuary  | Entered an ossuary
  7722 | Ossuary  | Reached skill level 9 in Unarmed Combat
  7860 | D:8      | Reached ***** piety under Trog
  8161 | D:8      | Found a staircase to the Lair.
  8484 | D:8      | Reached skill level 9 in Dodging
  8964 | D:8      | Reached XP level 10. HP: 45/45 MP: 14/14
  9084 | D:8      | Reached skill level 9 in Stealth
  9246 | D:8      | Reached skill level 7 in Fighting
  9338 | D:8      | Found a shadowy altar of Dithmenos.
  9655 | D:9      | Noticed a two-headed ogre
 10029 | D:9      | Killed a two-headed ogre
 10029 | D:9      | Reached skill level 10 in Unarmed Combat
 10075 | D:9      | Found a hazy altar of Hepliaklqana.
 10087 | D:9      | Noticed Harold
 10090 | D:9      | Killed Harold
 10127 | D:9      | Reached skill level 10 in Dodging
 10138 | D:9      | Reached skill level 10 in Stealth
 10393 | D:9      | Found a sparkling altar of Nemelex Xobeh.
 10420 | D:9      | Found a radiant altar of Vehumet.
 10800 | D:10     | Entered Level 10 of the Dungeon
 10809 | D:10     | Found a staircase to the Orcish Mines.
 10990 | D:10     | Noticed an unseen horror
 11001 | D:10     | Killed an unseen horror
 11001 | D:10     | Reached skill level 8 in Fighting
 11001 | D:10     | Reached XP level 11. HP: 44/50 MP: 15/15
 11017 | D:10     | Noticed a two-headed ogre
 11026 | D:10     | Killed a two-headed ogre
 11026 | D:10     | Reached skill level 11 in Unarmed Combat
 12050 | D:11     | Noticed an unseen horror
 12067 | D:10     | Killed an unseen horror
 12276 | D:11     | Reached skill level 11 in Stealth
 12295 | D:11     | Found a flagged portal.
 12319 | D:11     | Reached ****** piety under Trog
 12537 | Bailey   | Entered a bailey
 12558 | Bailey   | Reached skill level 11 in Dodging
 12826 | Bailey   | Noticed an orc knight
 12826 | Bailey   | Noticed an orc knight
 12839 | Bailey   | Killed an orc knight
 12840 | Bailey   | Killed an orc knight
 12845 | Bailey   | Noticed an orc knight
 13134 | Bailey   | Noticed an orc knight
 13135 | Bailey   | Identified a scroll of acquirement
 13136 | Bailey   | Got a scintillating bone amulet
 13141 | Bailey   | Killed an orc knight
 13218 | D:11     | Identified the amulet "Ligis" {Spirit rF+ rC+ Str+3} (You
                  | acquired it in a bailey)
 13241 | D:11     | Found a white marble altar of Elyvilon.
 13243 | D:11     | Noticed a two-headed ogre
 13278 | D:11     | Killed a two-headed ogre
 13278 | D:11     | Reached skill level 12 in Unarmed Combat
 13489 | D:11     | Noticed a death knight
 13497 | D:11     | Killed a death knight
 13497 | D:11     | Reached skill level 9 in Fighting
 13498 | D:11     | Noticed a tengu warrior
 13510 | D:11     | Killed a tengu warrior
 13985 | D:11     | Reached skill level 12 in Stealth
 13989 | D:11     | Gained mutation: Your thick and shaggy fur keeps you warm.
                  | (AC +3, rC+) [Felid growth]
 13989 | D:11     | Reached XP level 12. HP: 30/56 MP: 16/16
 14165 | D:11     | Reached skill level 13 in Unarmed Combat
 15053 | D:11     | Reached skill level 12 in Dodging
 15498 | Lair:1   | Entered Level 1 of the Lair of Beasts
 15608 | Lair:1   | Noticed a four-headed hydra
 15616 | Lair:1   | Killed a four-headed hydra
 15843 | Lair:1   | Reached skill level 5 in Evocations
 15931 | Lair:1   | Noticed an eight-headed hydra
 15935 | Lair:1   | Killed an eight-headed hydra
 15935 | Lair:1   | Reached skill level 14 in Unarmed Combat
 17139 | Lair:1   | Reached skill level 13 in Stealth
 17224 | Lair:2   | Reached skill level 10 in Fighting
 17664 | Lair:2   | Reached skill level 6 in Evocations
 17965 | Lair:2   | Noticed a seven-headed hydra
 18117 | Lair:2   | Found a runed translucent gate.
 18117 | Lair:2   | Found a runed translucent gate.
 18117 | Lair:2   | Found a runed translucent gate.
 18124 | Lair:2   | Noticed Thatotherguy's ghost (journeyman DrTm)
 18124 | Lair:2   | Noticed Kamasud's ghost (journeyman FoAK)
 18127 | Lair:2   | Found the +8 Wrath of Trog {antimagic, *Rage}
 18369 | Lair:2   | Killed a seven-headed hydra
 18536 | Lair:2   | Reached skill level 15 in Unarmed Combat
 18695 | Lair:2   | You fall into a shaft and drop 2 floors!
 18696 | Lair:4   | Noticed a seven-headed hydra
 18703 | Lair:4   | Killed a seven-headed hydra
 18703 | Lair:4   | Reached XP level 13. HP: 60/60 MP: 18/18
 19183 | Lair:3   | Reached skill level 13 in Dodging
 19247 | Lair:3   | HP: 6/60 [komodo dragon (12)]
 19276 | Lair:3   | Noticed Rupert
 19707 | Lair:2   | Found a staircase to the Shoals.
 19888 | Lair:3   | Killed Rupert
 20092 | Lair:3   | Found a hole to the Spider Nest.
 20777 | Lair:3   | Noticed Nergalle
 20786 | Lair:3   | Killed Nergalle
 20786 | Lair:3   | Reached skill level 7 in Evocations
 21183 | Lair:4   | Reached skill level 16 in Unarmed Combat
 21306 | Lair:4   | Noticed Nessos
 21307 | Lair:4   | Killed Nessos
 21980 | Lair:5   | Reached skill level 14 in Stealth
 22376 | Lair:5   | Found a frozen archway.
 22635 | IceCv    | Entered an ice cave
 23295 | IceCv    | Noticed a frost giant
 23314 | IceCv    | Killed a frost giant
 23314 | IceCv    | Reached skill level 11 in Fighting
 23357 | IceCv    | Found the +5 scythe "Finisher" {speed, eviscerate}
 24147 | Lair:6   | Entered Level 6 of the Lair of Beasts
 24156 | Lair:6   | Reached XP level 14. HP: 66/66 MP: 20/20
 24161 | Lair:6   | Reached skill level 8 in Evocations
 24268 | Lair:6   | Found a runed translucent door.
 24268 | Lair:6   | Found a viscous altar of Jiyva.
 24280 | Lair:6   | Noticed an azure jelly
 24288 | Lair:6   | Found a staircase to the Slime Pits.
 24301 | Lair:6   | Reached skill level 14 in Dodging
 24698 | Lair:6   | Found a dark tunnel.
 24710 | Volcano  | Entered a volcano
 25313 | Lair:6   | Reached skill level 17 in Unarmed Combat
 25939 | Lair:6   | Reached skill level 15 in Stealth
 26205 | Lair:6   | Reached skill level 9 in Evocations
 26460 | D:12     | Found Nilod's Book Shoppe.
 26485 | D:12     | Noticed Jorgrun
 26497 | D:12     | Killed Jorgrun
 26522 | D:12     | You fall into a shaft and drop 1 floor!
 26977 | D:12     | Slain by a two-headed ogre
 26978 | D:12     | Reached XP level 13. HP: 1/63 MP: 20/20
 27020 | D:12     | Noticed a fire dragon
 27062 | D:12     | Killed a fire dragon
 27200 | D:12     | Found a runed translucent door.
 27209 | D:12     | Found a runed translucent door.
 27212 | D:12     | Found a runed translucent door.
 27595 | D:12     | Reached XP level 14. HP: 68/68 MP: 22/22
 27783 | Orc:1    | Entered Level 1 of the Orcish Mines
 28104 | Orc:1    | Noticed an orc warlord
 28110 | Orc:1    | Reached skill level 15 in Dodging
 28117 | Orc:1    | Reached skill level 12 in Fighting
 28124 | Orc:1    | Shot with a bolt by an orc warlord
 28125 | Orc:1    | Reached XP level 13. HP: -1/64 MP: 21/21
 28264 | Orc:1    | Found a transporter.
 28265 | Orc:1    | Noticed Etzon's ghost (novice DrBe)
 28451 | Orc:1    | Found a transporter.
 28461 | Orc:1    | Identified the cursed +0 great mace of Saltpetre {flame,
                  | *Contam MR+ Dex+6}
 28461 | Orc:1    | Noticed an ettin
 28551 | Orc:1    | Killed an orc warlord
 28781 | Orc:2    | Entered Level 2 of the Orcish Mines
 28791 | Orc:2    | Found a staircase to the Elven Halls.
 29116 | Orc:2    | Noticed Snorg
 29121 | Orc:2    | Killed Snorg
 30247 | Orc:2    | Reached skill level 10 in Evocations
 30487 | Orc:2    | Reached skill level 18 in Unarmed Combat
 31434 | Orc:2    | Found Zacyhukh's Antique Armour Emporium.
 31437 | Orc:2    | Found Vefaxu Yngepp's Weapon Shoppe.
 31438 | Orc:2    | Found Olioryle's Book Emporium.
 31439 | Orc:2    | Found Tobbakan's Assorted Antiques.
 31447 | Orc:2    | Bought a scroll labeled GONAVO VOLU for 33 gold pieces
 31447 | Orc:2    | Bought a sedimented brown potion for 29 gold pieces
 31447 | Orc:2    | Bought a scroll labeled GONAVO VOLU for 33 gold pieces
 31447 | Orc:2    | Bought a scroll of fog for 66 gold pieces
 31447 | Orc:2    | Bought a potion of magic for 264 gold pieces
 31447 | Orc:2    | Bought a scroll of identify for 66 gold pieces
 31447 | Orc:2    | Bought a phantom mirror for 990 gold pieces
 31447 | Orc:2    | Bought a potion of agility for 132 gold pieces
 32122 | D:13     | Found a runed translucent gate.
 32122 | D:13     | Found a runed translucent gate.
 32122 | D:13     | Found a runed translucent gate.
 32122 | D:13     | Noticed Weficet's ghost (journeyman MiMo)
 32123 | D:13     | Noticed Tifixept's ghost (journeyman DECj)
 32123 | D:13     | Noticed Wulel's ghost (journeyman TeAE)
 32123 | D:13     | Noticed Taqoga's ghost (journeyman OpGl)
 32125 | D:13     | Found the +8 glaive of the Guard {elec, +Rage AC+5 SInv}
 32690 | D:14     | HP: 5/65 [white ugly thing (8)]
 32691 | D:14     | Slain by a white ugly thing

Levels and vault maps discovered:
D:1:      erik_arrival_gehennom, layout_basic
D:2:      layout_loops_ring, lemuel_crystal_altar, bloody_makhleb
D:3:      layout_loops_ring, first_ration
D:4:      layout_loops_corners, elyvilon_altar_4
D:5:      layout_basic, vehumet_statue, lemuel_crystal_altar,
          minmay_temple_entry_stoned_glass, kennysheep_generic_room_12
D:6:      layout_cave_pools, slow_altar_1, basic_altar, palyth_stone_intersect,
          uniq_duvessa, uniq_crazy_yiuf_cottage
D:7:      layout_basic, serial_undead, serial_undead_b, serial_undead_d,
          serial_undead_f, serial_undead_f, kennysheep_generic_room_15,
          uniq_prince_ribbit1
D:8:      layout_basic, grunt_temple_overflow_open, due_lair_maze_entry_diamond,
          nicolae_ossuary_entry_monument, special_room [special_room_orc],
          nicolae_dithmenos_shadow_blocks
D:9:      layout_loops_ring, lemuel_crystal_altar, lemuel_round_altar,
          grunt_livestock, lemuel_centaur_altar, uniq_harold
D:10:     layout_basic, orc_0_dummy
D:11:     layout_basic, basic_altar, enter_bailey_2, special_room
          [special_room_bee], minmay_pinched_square
D:12:     minmay_the_grid_triangle_9x9_rhombus_thin
          [minmay_the_grid_triangle_9x9_tough_junction,
          minmay_the_grid_triangle_9x9_prize_top_heavy,
          minmay_the_grid_triangle_9x9_subtriangle,
          minmay_the_grid_triangle_9x9_semitri], layout_loops_cross,
          serial_shops, shop, uniq_jorgrun
D:13:     layout_stronghold, gammafunk_ghost_cemetery,
          minmay_misc_feat_nine_boxes
D:14:     layout_irregular_city, david_vaults_2, minmay_misc_feat_roman
Temple:   nicolae_temple_figure_eight
Lair:1:   layout_misc_corridors, grunt_megastairs_4, serial_bayou_shore_b
Lair:2:   layout_cave_pods, elwin_shoals_entry_rooms, gammafunk_ghost_cemetery,
          grunt_megastairs_5, lemuel_fruit_fields
Lair:3:   layout_gridlike, spider_nest_entry_funnel_web, uniq_rupert,
          uniq_nergalle
Lair:4:   layout_hall_layers, gauntlet_entry_generic, grunt_megastairs_3,
          uniq_nessos
Lair:5:   layout_cave_pods, portal_ice_cave_entry_pillars_2, lemuel_fruit_fields
Lair:6:   minmay_lair_end_enchanted_forest, layout_misc_corridors,
          slime_altar_2, enter_volcano_3
Orc:1:    layout_caves, special_room [special_room_orc], gammafunk_ghost_smash
Orc:2:    st_orc_pillars, layout_diamond_mine, uniq_snorg

Skill      XL: |  1  2  3  4  5  6  7  8  9 10 11 12 13 14 |
---------------+-------------------------------------------+-----
Stealth        | 1 2 3 4 5 7 8 10 12 13 14 15 | 15.0
Unarmed Combat | 4 5 6 7 9 10 12 15 18 17 | 18.2
Dodging        | 5 6 7 9 10 11 12 13 15 | 15.5
Fighting       | 4 5 6 8 9 10 11 12 | 12.4
Evocations     | 1 3 4 6 10 9 | 10.0

Action                   |  1- 3 |  4- 6 |  7- 9 | 10-12 | 13-15 || total
-------------------------+-------+-------+-------+-------+-------++-------
Melee: Unarmed           |    76 |   138 |   363 |   697 |   975 ||  2249
       Punch             |     5 |     1 |    19 |    53 |   119 ||   197
       Bite              |     5 |    14 |    50 |    93 |   162 ||   324
Invok: Berserk           |     1 |     5 |     8 |     5 |     4 ||    23
       Trog's Hand       |       |     2 |     1 |     3 |     2 ||     8
       Brothers in Arms  |       |       |       |    11 |    10 ||    21
Evoke: Wand              |       |       |     9 |    17 |    38 ||    64
       Lightning rod     |       |       |       |       |     3 ||     3
       Lamp of fire      |       |       |       |       |     1 ||     1
  Use: Scroll            |       |     6 |     4 |     7 |    12 ||    29
 Stab: Sleeping          |     4 |     8 |    21 |    26 |    43 ||   102
       Distracted        |       |     1 |     1 |     9 |    14 ||    25
       Paralysed         |       |       |       |       |     4 ||     4
  Eat: Chunk             |     7 |     6 |    21 |    36 |    46 ||   116
       Ration            |       |       |     2 |       |       ||     2
Armor: Skin              |     1 |       |    16 |    22 |    14 ||    53
Dodge: Dodged            |    61 |    82 |   276 |   812 |   870 ||  2101

Table legend:
 A = Non-vault XP
 B = Vault XP
 C = Vault XP percentage of total XP
 D = Non-vault monster count
 E = Vault monster count
 F = Vault count percentage of total count
                 A         B        C        D         E       F
            +---------+---------+-------+---------+---------+-------
      Total |   53849 |   71276 |  57.0 |     389 |     369 |  48.7
            +---------+---------+-------+---------+---------+-------
        D:1 |      35 |      18 |  34.0 |      19 |       5 |  20.8
        D:2 |      91 |       0 |   0.0 |      17 |       0 |   0.0
        D:3 |      24 |       0 |   0.0 |       6 |       0 |   0.0
        D:4 |     220 |       0 |   0.0 |      19 |       0 |   0.0
        D:5 |     558 |      69 |  11.0 |      17 |       3 |  15.0
        D:6 |    1011 |     308 |  23.4 |      18 |       4 |  18.2
        D:7 |     949 |     944 |  49.9 |      18 |      10 |  35.7
        D:8 |     633 |    1553 |  71.0 |      26 |      34 |  56.7
        D:9 |     959 |    1756 |  64.7 |      11 |       6 |  35.3
       D:10 |    4480 |       0 |   0.0 |      22 |       0 |   0.0
       D:11 |    4117 |    3995 |  49.2 |      26 |      35 |  57.4
       D:12 |    2909 |   12347 |  80.9 |      19 |      16 |  45.7
       D:13 |    3844 |       0 |   0.0 |      14 |       0 |   0.0
     Lair:1 |    6061 |    2080 |  25.5 |      23 |       7 |  23.3
     Lair:2 |    4933 |     860 |  14.8 |      20 |       2 |   9.1
     Lair:3 |    6339 |    2808 |  30.7 |      33 |       5 |  13.2
     Lair:4 |    2892 |    3260 |  53.0 |      17 |       6 |  26.1
     Lair:5 |    2003 |       0 |   0.0 |       9 |       0 |   0.0
     Lair:6 |    8682 |   10485 |  54.7 |      22 |      47 |  68.1
      Orc:1 |     803 |    4307 |  84.3 |      17 |      24 |  58.5
      Orc:2 |    2306 |   11550 |  83.4 |      16 |      61 |  79.2
    Ossuary |       0 |     428 | 100.0 |       0 |      22 | 100.0
     Bailey |       0 |    2510 | 100.0 |       0 |      40 | 100.0
      IceCv |       0 |    8389 | 100.0 |       0 |      36 | 100.0
    Volcano |       0 |    3609 | 100.0 |       0 |       6 | 100.0
            +---------+---------+-------+---------+---------+-------
